 Dungeon Crawl Stone Soup version 0.24-a0-280-g7cec4da (webtiles) character file.

Game seed: 12944039224616862458

1997 Gunnerkreig the Magician (level 9, -10/61 HPs)
             Began as an Octopode Wizard on May 9, 2019.
             Was an Initiate of Vehumet.
             Engulfed by a steam dragon's steam (11 damage)
             ... on level 7 of the Dungeon.
             The game lasted 00:20:38 (6533 turns).

Gunnerkreig the Magician (Octopode Wizard)          Turns: 6533, Time: 00:20:39

Health: -10/61     AC:  2    Str:  6    XL:     9   Next: 21%
Magic:  4/17       EV: 14    Int: 23    God:    Vehumet [......]
Gold:   217        SH:  0    Dex: 11    Spells: 8/19 levels left

rFire    . . .     SeeInvis .   b - +2 whip (elec)
rCold    . . .     Gourm    .   (no shield)
rNeg     . . .     Faith    .   a - +1 hat
rPois    .         Spirit   .   h - amulet of regeneration
rElec    .         Reflect  .   (no ring)
rCorr    .         Harm     .   (no ring)
MR       .....                  (no ring)
Stlth    ++++......             (no ring)
HPRegen  0.60/turn              (no ring)
MPRegen  0.15/turn              (no ring)
                                (no ring)
                                (no ring)

@: no status effects
A: almost no armour, stealthy swim, amphibious, 8 rings, constrict 8, camouflage
1, gelatinous body 1
a: Renounce Religion


You were on level 7 of the Dungeon.
You worshipped Vehumet.
Vehumet was noncommittal.
You were very hungry.

You visited 2 branches of the dungeon, and saw 8 of its levels.

You collected 295 gold pieces.
You spent 78 gold pieces at shops.

Inventory:

Hand Weapons
 b - a +2 whip of electrocution (weapon)
 k - a +2 dagger of venom
Missiles
 f - 155 stones
 q - 16 tomahawks (quivered)
 B - 13 sling bullets
Armour
 a - a +1 hat (worn)
Jewellery
 h - an amulet of regeneration (around mantle)
Wands
 e - a wand of flame (14)
 o - a wand of disintegration (14)
 x - a wand of polymorph (10)
Scrolls
 n - 2 scrolls of magic mapping
 r - a scroll of identify
 s - a scroll of noise
 t - a scroll of remove curse
 u - a scroll of immolation
 v - 3 scrolls of fog
 y - a scroll of amnesia
Potions
 d - a potion of ambrosia
 g - 3 potions of curing
 i - 2 potions of lignification
 j - a potion of heal wounds
 l - 2 potions of flight {unknown}
 m - a potion of berserk rage
 p - 3 potions of resistance
 w - a potion of haste
 z - a potion of mutation {unknown}
 A - a potion of agility {unknown}
Comestibles
 c - 12 rations


   Skills:
 + Level 5.4 Fighting
 + Level 1.8 Throwing
 + Level 2.9 Dodging
 - Level 5.1 Stealth
 * Level 5.8 Spellcasting
 - Level 5.0 Conjurations
 - Level 2.0 Summonings
 - Level 2.0 Translocations
 - Level 3.0 Fire Magic
 - Level 3.1 Air Magic
 - Level 1.0 Poison Magic


You had 8 spell levels left.
You knew the following spells:

 Your Spells              Type           Power        Failure   Level  Hunger
a - Magic Dart            Conj           ####         1%          1    None
b - Conjure Flame         Conj/Fire      ####....     4%          3    #......
c - Mephitic Cloud        Conj/Pois/Air  ###.....     8%          3    #......
w - Call Imp              Summ           ###.....     6%          2    None
y - Blink                 Tloc           N/A          6%          2    None

Your spell library contained the following spells:

 Spells                   Type           Power        Failure   Level  Hunger
 Sandblast                Erth           #.....       9%          1    None
 Confusing Touch          Hex            #.....       9%          1    None
 Gell's Gravitas          Tloc           ###.......   12%         3    #......
 Slow                     Hex            #.......     13%         2    None
 Confuse                  Hex            #.......     26%         3    #......
 Petrify                  Tmut/Erth      #.......     65%         4    ###....
 Metabolic Englaciation   Hex/Ice        #.........   94%         5    #####..
 Yara's Violent Unravell  Hex/Tmut       #.........   94%         5    #####..


Dungeon Overview and Level Annotations

Branches:
Dungeon (7/15)             Temple (1/1) D:5

Altars:
Ashenzari
Cheibriados
Dithmenos
Elyvilon
Fedhas
Gozag
Hepliaklqana
Kikubaaqudgha
Makhleb
Nemelex Xobeh
Okawaru
Qazlal
Ru
Sif Muna
Trog
Uskayaw
Vehumet
Wu Jian
Xom
Yredelemnul
Zin
The Shining One

Shops:
D:5 ?


Innate Abilities, Weirdness & Mutations

You cannot wear most types of armour.
You are very stealthy in the water. (Stealth+)
You are amphibious.
You can wear up to eight rings at the same time.
You can use your tentacles to constrict eight enemies at once.
Your skin changes colour to match your surroundings (Stealth+).
Your rubbery body absorbs attacks. (AC +1, EV +1)


Message History

The magic dart hits the steam dragon.
The steam dragon is lightly wounded.
You closely miss the steam dragon.
The steam dragon is lightly wounded.
The steam dragon barely misses you. The steam dragon claws you.
The steam dragon misses you. The steam dragon claws you.
Casting: Magic Dart (safe; 1% risk of failure)
Confirm with . or Enter, or press ? or * to list all spells.
Aiming: Mephitic Cloud (safe; 8% risk of failure)
Press: ? - help, Shift-Dir - straight line, p - steam dragon
Okay, then.
Casting: Mephitic Cloud (safe; 8% risk of failure)
Confirm with . or Enter, or press ? or * to list all spells.
A beastly little devil appears in a puff of flame.
The steam dragon breathes steam at you. The ball of steam hits you!!
* * * LOW HITPOINT WARNING * * *
You hear an angry growl.
You are engulfed in a cloud of scalding steam.
You die...

##########
#........?
...#.#..§§.)#
.....5D@.§§.#
.##.##..§§..#
#......#
######..%.
##.


You could see a steam dragon and a friendly crimson imp.

Vanquished Creatures
  Menkaure (D:7)
  A water moccasin (D:5)
  An ice beast (D:5)
  A sky beast (D:4)
  2 ogres
  A necrophage (D:5)
  2 bullfrogs (D:6)
  3 scorpions
  2 howler monkeys (D:6)
  A centaur zombie (D:6)
  A hound (D:4)
  A centaur skeleton (D:4)
  2 jellies
  9 orc wizards
  5 orc priests
  4 worker ants
  Terence (D:3)
  A hound zombie (D:5)
  A howler monkey zombie (D:5)
  7 gnolls
  9 adders
  A shadow imp (D:5)
  2 oozes
  2 adder skeletons
  3 worms
  4 dart slugs
  3 leopard geckos
  18 orcs
  2 giant cockroaches
  11 goblins
  9 hobgoblins
  14 jackals
  3 quokkas (D:3)
  6 bats
  3 frilled lizards
  A jackal zombie (D:6)
  9 kobolds
  A quokka skeleton (D:4)
  12 rats
160 creatures vanquished.

Vanquished Creatures (collateral kills)
  An orc (D:4)
1 creature vanquished.

Vanquished Creatures (others)
  A fungus (D:3)
1 creature vanquished.

Grand Total: 162 creatures vanquished

Notes
Turn   | Place    | Note
-------+----------+-------------------------------------------
     0 | D:1      | Gunnerkreig the Octopode Wizard began the quest for the
                  | Orb.
     0 | D:1      | Reached XP level 1. HP: 11/11 MP: 4/4
   407 | D:1      | Reached XP level 2. HP: 18/18 MP: 1/6
   669 | D:1      | Reached skill level 1 in Fighting
   766 | D:1      | Reached XP level 3. HP: 23/23 MP: 4/7
  1192 | D:1      | Learned a level 3 spell: Conjure Flame
  1196 | D:1      | Learned a level 3 spell: Mephitic Cloud
  1204 | D:2      | Found a glowing golden altar of the Shining One.
  1488 | D:2      | Found an ornate altar of the Wu Jian Council.
  1612 | D:2      | Reached XP level 4. HP: 21/28 MP: 1/9
  1650 | D:2      | Reached XP level 5. HP: 24/34 MP: 2/10
  1861 | D:2      | Learned a level 2 spell: Blink
  1864 | D:2      | Learned a level 2 spell: Call Imp
  2109 | D:3      | Noticed Terence
  2382 | D:3      | Noticed an ogre
  2393 | D:3      | Killed an ogre
  2393 | D:3      | Reached skill level 5 in Stealth
  2393 | D:3      | Reached XP level 6. HP: 41/41 MP: 3/12
  2661 | D:3      | Killed Terence
  2772 | D:3      | Found a blossoming altar of Fedhas.
  3198 | D:4      | Found a deep blue altar of Sif Muna.
  3319 | D:4      | Noticed a sky beast
  3365 | D:4      | Killed a sky beast
  3365 | D:4      | Reached XP level 7. HP: 46/46 MP: 5/14
  3699 | D:5      | Entered Level 5 of the Dungeon
  3707 | D:5      | Reached skill level 5 in Spellcasting
  3769 | D:5      | Found a bloodstained altar of Trog.
  3882 | D:5      | Found Igohin's Magic Scroll Emporium.
  3931 | D:5      | Reached XP level 8. HP: 14/54 MP: 0/15
  4021 | D:5      | Bought a scroll of identify for 26 gold pieces
  4021 | D:5      | Bought a scroll of identify for 26 gold pieces
  4021 | D:5      | Bought a scroll of identify for 26 gold pieces
  4174 | D:5      | Reached skill level 1 in Poison Magic
  4226 | D:5      | Reached skill level 1 in Fire Magic
  4226 | D:5      | Reached skill level 1 in Air Magic
  4369 | D:5      | Found a staircase to the Ecumenical Temple.
  4689 | Temple   | Entered the Ecumenical Temple
  4913 | Temple   | Became a worshipper of Vehumet
  4989 | D:6      | Reached skill level 5 in Conjurations
  5120 | D:6      | Found a snail-covered altar of Cheibriados.
  5131 | D:6      | Reached skill level 5 in Fighting
  5500 | D:6      | Reached XP level 9. HP: 60/61 MP: 6/17
  5581 | D:6      | Reached skill level 1 in Throwing
  5797 | D:6      | Reached * piety under Vehumet
  5797 | D:6      | Offered knowledge of Sandblast by Vehumet.
  6518 | D:7      | Noticed Menkaure
  6529 | D:7      | Killed Menkaure
  6532 | D:7      | HP: 1/61 [steam dragon/ball of steam (22)]
  6533 | D:7      | Engulfed by a steam dragon's steam

Levels and vault maps discovered:
D:1:      dpeg_arrival_more_subterranean_lakeside_camping, layout_rooms,
          minivault_26, chequers_arboretum
D:2:      layout_loops_ring, old_standard_altar, first_ration, tso_metal_star
D:3:      layout_rooms, minmay_misc_feat_roman, fedhas_altar_3, uniq_terence
D:4:      layout_basic, kennysheep_mini_moat
D:5:      layout_gridville, bloody_trog, minmay_temple_entry_gardened_gates,
          serial_shops, shop
D:6:      layout_layer_cave, kennysheep_slug_shrine,
          hangedman_decor_peaks_small, minmay_misc_feat_doors,
          minmay_misc_feat_cross
D:7:      layout_loops_cross, uniq_menkaure, uniq_crazy_yiuf_cottage
Temple:   dpeg_five_rooms_temple

Skill      XL: |  1  2  3  4  5  6  7  8  9 |
---------------+----------------------------+-----
Stealth        | 3 4 5 |  5.1
Fighting       | 1 2 3 4 5 |  5.4
Conjurations   | 2 3 4 5 |  5.0
Spellcasting   | 4 5 |  5.8
Poison Magic   | 1 |  1.0
Fire Magic     | 3 |  3.0
Air Magic      | 3 |  3.1
Translocations | 2 |  2.0
Summonings     | 2 |  2.0
Throwing       | 1 |  1.8
Dodging        | |  2.9

Action                   |  1- 3 |  4- 6 |  7- 9 || total
-------------------------+-------+-------+-------++-------
Melee: Unarmed           |    14 |       |       ||    14
       Constrict         |     9 |    20 |    16 ||    45
       Tentacles         |     6 |    10 |     7 ||    23
       Dagger            |    29 |   108 |    20 ||   157
       Whip              |       |       |    42 ||    42
Throw: Stone             |    11 |     2 |       ||    13
       Tomahawk          |       |     4 |    15 ||    19
 Cast: Magic Dart        |    61 |    95 |   155 ||   311
       Mephitic Cloud    |     1 |     4 |     5 ||    10
       Conjure Flame     |     1 |     2 |    13 ||    16
       Call Imp          |       |       |     1 ||     1
  Use: Scroll            |     4 |     3 |    10 ||    17
       Potion            |       |       |     3 ||     3
 Stab: Sleeping          |     3 |     2 |     2 ||     7
       Confused          |       |     1 |       ||     1
  Eat: Chunk             |     2 |     6 |     6 ||    14
       Ration            |       |       |     1 ||     1
Armor: Skin              |     4 |     6 |    11 ||    21
Dodge: Dodged            |    27 |    62 |    48 ||   137

Table legend:
 A = Non-vault XP
 B = Vault XP
 C = Vault XP percentage of total XP
 D = Non-vault monster count
 E = Vault monster count
 F = Vault count percentage of total count
                 A         B        C        D         E       F
            +---------+---------+-------+---------+---------+-------
      Total |    2642 |     211 |   7.4 |     158 |       3 |   1.9
            +---------+---------+-------+---------+---------+-------
        D:1 |      53 |       0 |   0.0 |      31 |       0 |   0.0
        D:2 |     142 |       0 |   0.0 |      23 |       0 |   0.0
        D:3 |     270 |      32 |  10.6 |      33 |       1 |   2.9
        D:4 |     413 |       0 |   0.0 |      24 |       0 |   0.0
        D:5 |     790 |       0 |   0.0 |      17 |       0 |   0.0
        D:6 |     974 |       4 |   0.4 |      30 |       1 |   3.2
        D:7 |       0 |     175 | 100.0 |       0 |       1 | 100.0
            +---------+---------+-------+---------+---------+-------
